 Dungeon Crawl Stone Soup version 0.31-a0-774-g0d66cbabe8 (webtiles) character file.

Game seed: 7430605941082464984

18039 CrazyBamboolord the Frost Mage (level 12, -1/78 (86) HPs)
             Began as a Demonspawn Ice Elementalist on Sept 17, 2023.
             Was a Priest of Vehumet.
             Killed from afar by a vampire mage (28 damage)
             ... with a bolt of negative energy
             ... on level 2 of the Lair of Beasts.
             The game lasted 00:39:24 (12589 turns).

CrazyBamboolord the Frost Mage (DsIE)              Turns: 12589, Time: 00:39:24

HP:   -1/78 (86)    AC: 16    Str: 10    XL:     12   Next: 24%
MP:   20/33         EV: 15    Int: 20    God:    Vehumet [***...]
Gold: 682           SH:  0    Dex: 14    Spells: 5/27 levels left

rFire   . . .        g - +6 dagger (venom)
rCold   . . .        G - orb {guile}
rNeg    . . .        a - +0 robe
rPois   .            P - +1 hat
rElec   .            s - +0 cloak
rCorr   .            f - +0 pair of gloves
SInv    .            p - +0 pair of boots
Will    .....        (no amulet)
Stlth   ++++         J - ring of wizardry
HPRegen 0.33/turn    B - ring of magical power
MPRegen 0.23/turn

%: wizardry (x1)
@: mighty, ice-armoured, freezing walls, very slightly contaminated, drained
A: hooves 2, icy blue scales 1, powered by death 1, spiny 1
a: Renounce Religion


You were on level 2 of the Lair of Beasts.
You worshipped Vehumet.
Vehumet was most pleased with you.
You visited 3 branches of the dungeon, and saw 13 of its levels.

You collected 682 gold pieces.

Inventory:

Hand Weapons
 c - a +1 whip of pain
 g - a +6 dagger of venom (weapon)
Armour
 a - a +0 robe (worn)
 f - a +0 pair of gloves (worn)
 p - a +0 pair of boots (worn)
 s - a +0 cloak (worn)
 G - an orb of guile (worn)
 P - a +1 hat (worn)
Magical Staves
 R - a staff of conjuration
Jewellery
 d - a +5 ring of evasion
 h - a ring of flight
 u - an amulet of guardian spirit
 B - a ring of magical power (right hand)
 J - a ring of wizardry (left hand)
 M - a ring of magical power
Wands
 q - a wand of paralysis (1)
 r - a wand of flame (50)
 y - a wand of mindburst (19)
 F - a wand of digging (9)
 O - a wand of light (6)
Scrolls
 k - a scroll of noise
 l - a scroll of butterflies {unknown}
 o - 4 scrolls of fear
 t - 3 scrolls of vulnerability {unknown}
 v - 2 scrolls of poison
 A - a scroll of silence {unknown}
 D - 4 scrolls of amnesia {unknown}
 E - a scroll of enchant armour {unknown}
 H - a scroll of revelation {unknown}
 I - 3 scrolls of teleportation {unknown}
 L - 3 scrolls of blinking {unknown}
 N - a scroll of brand weapon {unknown}
Potions
 b - 2 potions of magic
 e - a potion of might
 i - 5 potions of attraction
 j - 3 potions of ambrosia {unknown}
 m - a potion of degeneration {unknown}
 n - 3 potions of enlightenment {unknown}
 w - 2 potions of lignification {unknown}
 x - a potion of resistance {unknown}
 z - 2 potions of brilliance {unknown}
 C - 2 potions of invisibility {unknown}
 K - 5 potions of haste {unknown}
 Q - a potion of heal wounds {unknown}


   Skills:
 + Level 5.5 Fighting
 + Level 7.3 Dodging
 + Level 8.3 Stealth
 * Level 8.2 Spellcasting
 * Level 8.7 Hexes
 * Level 6.3 Necromancy
 * Level 8.8 Ice Magic


You had 5 spell levels left.
You knew the following spells:

 Your Spells              Type           Power      Damage    Failure   Level
a - Freeze                Ice            100%       1d10      1%          1
b - Ensorcelled Hibernat  Hex/Ice        86%        N/A       1%          2
c - Frozen Ramparts       Ice            86%        1d13      1%          3
d - Jinxbite              Hex            86%        N/A       1%          2
e - Ozocubu's Armour      Ice            43%        N/A       1%          3
f - Cause Fear            Hex            21%        N/A       1%          4
g - Anguish               Hex/Necr       19%        N/A       1%          4
h - Inner Flame           Hex/Fire       25%        N/A       1%          3

Your spell library contained the following spells:

 Spells                   Type           Power      Damage    Failure   Level
 Blink                    Tloc           16%        N/A       5%          2
 Lesser Beckoning         Tloc           16%        N/A       5%          2
 Passwall                 Tmut/Erth      6%         N/A       5%          2
 Summon Ice Beast         Ice/Summ       25%        N/A       6%          4
 Gell's Gravitas          Tloc           8%         N/A       11%         3
 Swiftness                Air            8%         N/A       11%         3
 Teleport Other           Tloc           8%         N/A       11%         3
 Fireball                 Conj/Fire      4%         3d4       24%         5
 Manifold Assault         Tloc           8%         N/A       32%         4
 Malign Gateway           Summ/Tloc      4%         N/A       100%        7
 Summon Horrible Things   Summ           4%         N/A       100%        8
 Dragon's Call            Summ           4%         N/A       100%        9


Dungeon Overview and Level Annotations

Branches:
Dungeon (10/15)            Temple (1/1) D:5            Lair (2/5) D:8
  Swamp (0/4) Lair:2       Spider (0/4) Lair:2
    Orc: D:9-12

Altars:
Cheibriados
Dithmenos
Fedhas
Gozag
Hepliaklqana
Kikubaaqudgha
Makhleb
Okawaru
Qazlal
Ru
Sif Muna
Trog
Uskayaw
Vehumet
Wu Jian
Xom
Yredelemnul

Shops:
D:8 =

Annotations:
D:4 2 transporters, PotatoSalad1221's ghost, amateur DrSh
D:7 1 exclusion


Innate Abilities, Weirdness & Mutations

You have hoof-like feet.
You are partially covered in icy blue scales. (AC +2)
You regenerate a little health from kills.
You are partially covered in sharp spines.


Message History

You are very lightly contaminated with residual magic.
Nothing appears to happen.
The wall freezes the vampire mage but does no damage.
The vampire mage casts a spell at you. The bolt of negative energy hits you!!
You feel drained.
Casting: Anguish (dangerous; 1% risk of failure)
Confirm with . or Enter, or press ? or * to list all spells.
Casting: Anguish (dangerous; 1% risk of failure)
Press: ? - help, Dir - look around, f - activate The vampire mage is haunted by guilt!
The wall freezes the vampire mage but does no damage.
The vampire mage hits you but does no damage.
The vampire mage barely misses you.
Unknown command.
Casting: Anguish (dangerous; 1% risk of failure)
Confirm with . or Enter, or press ? or * to list all spells.
A film of ice covers your body!
The vampire mage resists.
The wall freezes the vampire mage.
The vampire mage hits you.
The vampire mage is wracked by anguish.
The vampire mage bites you.
The vampire mage draws strength from your injuries!
The vampire mage is wracked by anguish.
You hit the vampire mage.
The vampire mage is moderately damaged.
The wall freezes the vampire mage but does no damage.
The vampire mage hits you.
The vampire mage is wracked by anguish.
The vampire mage bites you.
The vampire mage draws strength from your injuries!
The vampire mage is wracked by anguish.
You barely miss the vampire mage.
The vampire mage is heavily damaged.
The vampire mage resists.
The wall freezes the vampire mage.
The vampire mage draws life force from you!
The vampire mage is healed by the life force!
The vampire mage is wracked by anguish!
Unknown command.
You feel very mighty all of a sudden.
The wall freezes the vampire mage but does no damage.
The vampire mage points at you and mumbles some strange words.
The bolt of negative energy hits you!!
You feel drained.
You die...

♣.......##..
♣♣.......### ♣......## #
#####+# ♣......####
#..... ♣♣##.##.#.#. ....
♣...##...... ###'#####
♣#.....#.... #....#..#
♣♣#.#.+#.##P #....@V÷#
♣........### #....#..#
♣♣......(.#P #....#..#
♣.........#. #....#:.#
♣...........
♣♣###§#####♣♣♣.......#.^
♣....§.....♣♣........'..
♣♣§§§§..§..♣♣♣.......###
♣♣§.†♣♣♣♣♣♣ ♣......>.#
♣♣♣♣.♣♣.♣♣♣♣.......##


You could see a vampire mage (anguished).

Vanquished Creatures
  Gastronok (Lair:1)
  A two-headed ogre (D:8)
  A tengu warrior (D:10)
  Amaemon (D:9)
  A bog body (Lair:2)
  Pikel (D:4)
  4 elephants
  3 black mambas (Lair:1)
  Jeremiah (D:6)
  An orange demon (D:9)
  3 cane toads (Lair:1)
  2 rime drakes
  A polar bear (Lair:2)
  Prince Ribbit (D:7)
  Sigmund (D:4)
  4 blink frogs
  A shadow (D:9)
  Eustachio (D:4)
  2 wyverns
  11 yaks
  2 basilisks
  2 redbacks (Lair:2)
  A steam dragon (D:6)
  Menkaure (D:7)
  A swamp worm (Lair:2)
  5 water moccasins
  An orc warrior (D:7)
  3 ice beasts
  A sky beast (D:8)
  3 black bears
  6 wolves (Lair:1)
  3 centaurs
  2 kobold brigands
  2 lemures (D:4)
  A phantom (D:7)
  5 bullfrogs
  A gnoll sergeant (D:10)
  A scorpion (D:5)
  3 wights (D:7)
  6 killer bees (D:9)
  5 howler monkeys
  5 hounds
  2 jellies
  5 orc priests
  A sleepcap (D:6)
  7 iguanas
  3 orc wizards
  9 adders
  5 gnolls (D:10)
  2 shadow imps
  5 white imps
  2 ufetubi (D:5)
  2 worms
  A dart slug (D:3)
  23 orcs
  5 bats
  An endoplasm (D:1)
  A giant cockroach (D:4)
  3 hobgoblins
  13 kobolds
  2 quokkas
  3 ball pythons
  10 frilled lizards
  7 goblins
  7 rats
221 creatures vanquished.

Vanquished Creatures (others)
  A bog body (Lair:2)
  A wolf spider (Lair:2)
  A cane toad (Lair:2)
  2 yaks
  3 wolves (Lair:1)
  An electric eel (Lair:2)
9 creatures vanquished.

Grand Total: 230 creatures vanquished

Notes
Turn   | Place    | Note
-------+----------+-------------------------------------------
     0 | D:1      | CrazyBamboolord the Demonspawn Ice Elementalist began the
                  | quest for the Orb.
     0 | D:1      | Reached XP level 1. HP: 13/13 MP: 3/3
   328 | D:1      | Gained mutation: You regenerate a little health from kills.
                  | [demonic ancestry]
   328 | D:1      | Reached XP level 2. HP: 13/19 MP: 1/5
   333 | D:1      | Learned a level 2 spell: Ensorcelled Hibernation
  1316 | D:2      | Reached XP level 3. HP: 25/25 MP: 3/6
  1906 | D:3      | Reached skill level 1 in Hexes
  2065 | D:3      | Reached skill level 1 in Fighting
  2065 | D:3      | Reached XP level 4. HP: 16/32 MP: 0/7
  2323 | D:3      | Noticed a black bear
  2478 | D:3      | Found a blossoming altar of Fedhas.
  2590 | D:3      | Learned a level 3 spell: Frozen Ramparts
  3164 | D:4      | Noticed Sigmund
  3173 | D:4      | Killed Sigmund
  3174 | D:4      | Gained mutation: You have large cloven feet. [demonic
                  | ancestry]
  3174 | D:4      | Reached XP level 5. HP: 30/37 MP: 1/9
  3250 | D:4      | Gained mutation: You are partially covered in sharp spines.
                  | [demonic ancestry]
  3250 | D:4      | Reached XP level 6. HP: 38/43 MP: 7/10
  3294 | D:4      | Noticed a steam dragon
  3303 | D:4      | Noticed PotatoSalad1221's ghost (amateur DrSh)
  3311 | D:4      | Found a transporter.
  3311 | D:4      | Found a transporter.
  3315 | D:4      | Noticed a two-headed ogre
  3425 | D:4      | Noticed Pikel
  3454 | D:4      | Killed Pikel
  3455 | D:4      | Gained mutation: You have hoof-like feet. [demonic
                  | ancestry]
  3455 | D:4      | Reached XP level 7. HP: 27/51 MP: 3/12
  3589 | D:4      | Noticed Eustachio
  3607 | D:4      | Killed Eustachio
  3608 | D:4      | Reached skill level 5 in Ice Magic
  3608 | D:4      | You are sucked into a shaft and drop 3 floors!
  3642 | D:6      | Reached XP level 8. HP: 50/57 MP: 10/14
  3645 | D:6      | Learned a level 2 spell: Jinxbite
  3649 | D:6      | Learned a level 3 spell: Ozocubu's Armour
  4035 | D:5      | Entered Level 5 of the Dungeon
  4329 | D:5      | Found a radiant altar of Vehumet.
  4393 | D:5      | Found a staircase to the Ecumenical Temple.
  4509 | Temple   | Entered the Ecumenical Temple
  5103 | D:5      | Became a worshipper of Vehumet
  5292 | D:6      | Noticed Jeremiah
  5303 | D:6      | Killed Jeremiah
  5304 | D:6      | Reached skill level 5 in Stealth
  5304 | D:6      | Gained mutation: You are partially covered in icy blue
                  | scales. (AC +2) [demonic ancestry]
  5304 | D:6      | Reached XP level 9. HP: 28/64 MP: 10/16
  5693 | D:6      | Found a burning altar of Makhleb.
  5713 | D:6      | Found a hazy altar of Hepliaklqana.
  5912 | D:7      | Found an iron altar of Okawaru.
  5914 | D:7      | Found a shimmering blue altar of Sif Muna.
  5981 | D:7      | Reached skill level 5 in Dodging
  5981 | D:7      | Reached skill level 5 in Spellcasting
  5981 | D:7      | Reached skill level 5 in Hexes
  6025 | D:7      | Found the +18 Lear's hauberk
  6347 | D:7      | Noticed Prince Ribbit
  6353 | D:7      | Found a shimmering altar of Xom.
  6356 | D:7      | Killed Prince Ribbit
  6359 | D:7      | Found a shimmering altar of Xom.
  6359 | D:7      | Found a shimmering altar of Xom.
  6360 | D:7      | Found a shimmering altar of Xom.
  6360 | D:7      | Found a shimmering altar of Xom.
  6378 | D:7      | Learned a level 4 spell: Cause Fear
  6384 | D:7      | a blink frog changed into a meliai
  6384 | D:7      | Noticed a meliai (shapeshifter)
  6385 | D:7      | a meliai changed into a raiju
  6398 | D:7      | a raiju changed into a rime drake
  6398 | D:7      | Noticed a rime drake (shapeshifter)
  6408 | D:7      | a rime drake changed into a cane toad
  6408 | D:7      | Noticed a cane toad (shapeshifter)
  6450 | D:7      | Noticed a lindwurm
  6484 | D:7      | Noticed Menkaure
  6497 | D:7      | Killed Menkaure
  6803 | D:7      | a tarantella changed into a komodo dragon
  6803 | D:7      | Noticed a komodo dragon (shapeshifter)
  6806 | D:7      | a komodo dragon changed into a floating eye
  7204 | D:8      | Noticed a two-headed ogre
  7205 | D:8      | Reached * piety under Vehumet
  7205 | D:8      | Offered knowledge of Shock by Vehumet.
  7230 | D:8      | Killed a two-headed ogre
  7285 | D:8      | Found the +3 giant club "Skullcrusher" {speed, Str+7}
  7358 | D:8      | Found Garol's Jewellery Shoppe.
  7440 | D:8      | Reached XP level 10. HP: 73/73 MP: 18/18
  7449 | D:8      | Noticed an elephant
  7465 | D:8      | Killed an elephant
  7612 | D:8      | Found a staircase to the Lair.
  7998 | D:8      | Learned a level 4 spell: Anguish
  8227 | D:9      | Reached skill level 1 in Necromancy
  8347 | D:9      | Noticed Amaemon
  8347 | D:9      | Noticed an orange demon
  8356 | D:9      | Killed Amaemon
  8370 | D:9      | Offered knowledge of Searing Ray by Vehumet.
  8375 | D:9      | Killed an orange demon
  8375 | D:9      | Reached ** piety under Vehumet
  8531 | D:9      | Reached skill level 5 in Fighting
  8824 | D:9      | Found a snail-covered altar of Cheibriados.
  8870 | D:10     | Entered Level 10 of the Dungeon
  9063 | D:10     | Reached XP level 11. HP: 73/79 MP: 6/21
  9344 | D:10     | Noticed a tengu warrior
  9352 | D:10     | Killed a tengu warrior
  9750 | Lair:1   | Entered Level 1 of the Lair of Beasts
 10016 | Lair:1   | Offered knowledge of Mephitic Cloud by Vehumet.
 10467 | Lair:1   | Noticed Gastronok
 10488 | Lair:1   | Killed Gastronok
 10489 | Lair:1   | Reached skill level 5 in Necromancy
 11468 | Lair:2   | Reached *** piety under Vehumet
 11621 | Lair:2   | Found a hole to the Spider Nest.
 11622 | Lair:2   | Noticed a wolf spider
 11629 | Lair:2   | Killed a wolf spider
 11630 | Lair:2   | Reached XP level 12. HP: 35/86 MP: 17/24
 12163 | Lair:2   | Found a staircase to the Swamp.
 12477 | Lair:2   | Offered knowledge of Inner Flame by Vehumet.
 12482 | Lair:2   | Learned a level 3 spell: Inner Flame
 12485 | Lair:2   | Found a runed translucent door.
 12575 | Lair:2   | Noticed a vampire mage
 12589 | Lair:2   | Killed from afar by a vampire mage

Illustrated notes

Levels and vault maps discovered:
D:1:      minmay_arrival_three_doors, layout_loops_corners,
          minmay_crystal_water, serial_park_tiny_1, minmay_lizard_pond
D:2:      layout_basic
D:3:      layout_basic, fedhas_altar_1, lightli_corner_chamber
D:4:      layout_cave_pools, nicolae_overflow_two_pavilions,
          gammafunk_ghost_arena, patterned_corridor, uniq_sigmund,
          uniq_eustachio, uniq_pikel
D:5:      layout_cave_pods, vehumet_altar_wand_db, minmay_temple_entry_poolview,
          nicolae_concentric_dashed_squares_mild
D:6:      layout_rooms, mainiacjoe_overflow_two_lobes, corexii_shack,
          uniq_jeremiah
D:7:      layout_loops_ring, xom_shifter_show, nicolae_overflow_hidden_temple,
          uniq_menkaure, uniq_prince_ribbit1, uniq_duvessa
D:8:      layout_gridville, david_lair_generic, serial_shops, shop
D:9:      layout_roguey, mainiacjoe_overflow_alcove_4, uniq_amaemon
D:10:     layout_basic
Temple:   minmay_temple_bridge_abc
Lair:1:   layout_regular_city, uniq_gastronok
Lair:2:   layout_roguey, nicolae_swamp_entry_splash_gauntlet,
          spider_nest_entry_funnel_web, minivault_24,
          pdpol_lair_cabin_in_the_woods

Skill      XL: |  1  2  3  4  5  6  7  8  9 10 11 12 |
---------------+-------------------------------------+-----
Dodging        | 2 3 4 5 6 7 |  7.3
Stealth        | 2 3 4 5 6 7 8 |  8.3
Hexes          | 1 2 3 4 6 7 8 |  8.7
Fighting       | 1 2 3 4 5 |  5.5
Ice Magic      | 4 5 6 7 8 |  8.8
Spellcasting   | 3 4 5 6 8 |  8.2
Necromancy     | 2 5 6 |  6.3

Action                     |  1- 3 |  4- 6 |  7- 9 | 10-12 || total
---------------------------+-------+-------+-------+-------++-------
  Melee: Whip              |    11 |       |       |       ||    11
         Dagger            |    15 |    25 |   114 |   179 ||   333
   Cast: Freeze            |    51 |    30 |    32 |     3 ||   116
         Ensorcelled Hiber |     1 |     1 |    22 |    23 ||    47
         Frozen Ramparts   |       |     3 |     9 |    18 ||    30
         Jinxbite          |       |       |    15 |    15 ||    30
         Ozocubu's Armour  |       |       |     8 |    18 ||    26
         Cause Fear        |       |       |     2 |     5 ||     7
         Anguish           |       |       |       |    34 ||    34
  Evoke: Wand              |       |       |     1 |     6 ||     7
    Use: Scroll            |     4 |     1 |     3 |     3 ||    11
         Potion            |       |       |     1 |     5 ||     6
   Stab: Sleeping          |     1 |     1 |    18 |    32 ||    52
         Paralysed         |       |       |       |     2 ||     2
 Armour: Robe              |    44 |    32 |    89 |   209 ||   374
  Dodge: Dodged            |    50 |    17 |    86 |   223 ||   376

Table legend: (Time is in decaauts)
 A = Elapsed time spent in this place.
 B = Non-inter-level travel time spent in this place.
 C = Inter-level travel time spent in this place.
 D = Time resting spent in this place.
 E = Time spent auto-exploring this place.
 F = Levels seen in this place.
 G = Mean time per level.
                   A        B        C        D        E       F      G
               +--------+--------+--------+--------+--------+-----+--------+
         Total |  12608 |  11848 |    760 |   1201 |   8717 |  13 |  969.8 |
       Dungeon |   9766 |   9033 |    733 |    640 |   6883 |  10 |  976.6 |
        Temple |      1 |      1 |      0 |      0 |      0 |   1 |    1.0 |
          Lair |   2839 |   2812 |     27 |    561 |   1834 |   2 | 1419.5 |
               +--------+--------+--------+--------+--------+-----+--------+

Top non-repeatable levels by time:
  Lair:1: 1614 daAuts
     D:3: 1487 daAuts
  Lair:2: 1224 daAuts
     D:6: 1167 daAuts
     D:5: 1140 daAuts
     D:1: 1131 daAuts
     D:7: 1038 daAuts
     D:8: 944 daAuts
     D:9: 909 daAuts
    D:10: 806 daAuts
     D:2: 672 daAuts
     D:4: 468 daAuts
  Temple: 1 daAuts
